 Dungeon Crawl Stone Soup version 0.29.1-12-g30fa7ad0bf (webtiles) character file.

Game seed: 1485386290163174214

249 IcyTea the Cudgeller (level 5, -10/45 HPs)
             Began as a Draconian Abyssal Knight on Dec 20, 2022.
             Was a Priest of Lugonu.
             Mangled by Crazy Yiuf
             ... wielding a +4 quarterstaff of chaos
              (14 damage)
             ... on level 2 of the Dungeon.
             The game lasted 00:13:35 (4168 turns).

IcyTea the Cudgeller (Draconian Abyssal Knight)     Turns: 4168, Time: 00:13:36

Health: -10/45     AC:  7    Str: 14    XL:     5   Next: 86%
Magic:  5/6        EV: 12    Int: 17    God:    Lugonu [***...]
Gold:   202        SH:  0    Dex: 10    Spells: 4/4 levels left

rFire   . . .      SeeInvis .   a - +1 mace
rCold   + . .      Faith    .   (no shield)
rNeg    . . .      Spirit   .   (body armour unavailable)
rPois   .          Reflect  .   (helmet restricted)
rElec   .          Harm     .   (no cloak)
rCorr   .          Rampage  .   (no gloves)
Will    .....                   h - +1 pair of boots
Stlth   +.........              r - amulet of magic regeneration
HPRegen 0.15/turn               (no ring)
MPRegen 0.50/turn               (no ring)

@: lethally poisoned (-10 -> -17)
A: AC +5, unfitting armour, cold-blooded, clever 1, cold resistance 1,
MP-powered wands
a: Renounce Religion, Depart the Abyss, Bend Space, Banish


You were on level 2 of the Dungeon.
You worshipped Lugonu.
Lugonu was most pleased with you.
You visited 1 branch of the dungeon, and saw 4 of its levels.
You visited the Abyss 1 time.

You collected 267 gold pieces.
You spent 65 gold pieces at shops.

Inventory:

Hand Weapons
 a - a +1 mace (weapon)
 b - a +0 sling of flaming
Missiles
 c - 4 poisoned darts (quivered)
Armour
 h - a +1 pair of boots (worn)
Jewellery
 r - an amulet of magic regeneration (around neck)
Wands
 o - a wand of digging (5)
Scrolls
 e - a scroll of torment
 f - a scroll of immolation
 i - a scroll of magic mapping {unknown}
 k - a scroll of vulnerability {unknown}
 m - a scroll of fog {unknown}
 s - a scroll of amnesia
 t - a scroll of blinking {unknown}
Potions
 d - a potion of berserk rage {unknown}
 g - a potion of curing {unknown}
 j - 2 potions of mutation
 l - a potion of lignification {unknown}
 n - 2 potions of brilliance
 p - 3 potions of heal wounds
 q - a potion of resistance {unknown}
 v - a potion of ambrosia {unknown}


   Skills:
 - Level 3.2 Fighting
 + Level 6.2 Maces & Flails
 - Level 2.1 Dodging
 - Level 2.0 Invocations


You had 4 spell levels left.
You didn't know any spells.
Your spell library contained the following spells:

 Spells                   Type           Power      Damage    Failure   Level
 Portal Projectile        Hex/Tloc       0%         N/A       56%         3
 Tukima's Dance           Hex            0%         N/A       56%         3
 Blade Hands              Tmut           0%         N/A       100%        5
 Summon Forest            Summ/Tloc      0%         N/A       100%        5
 Eringya's Noxious Bog    Tmut/Pois      0%         N/A       100%        6
 Summon Hydra             Summ           0%         N/A       100%        7


Dungeon Overview and Level Annotations

Branches:
Dungeon (4/15)
 Temple: D:4-7

Altars:
Sif Muna

Shops:
D:2 :   D:4 !

Annotations:
D:2 Crazy Yiuf


Innate Abilities, Weirdness & Mutations

Your plain brown scales are hard. (AC +5)
You cannot fit into any form of body armour.
You are cold-blooded and may be slowed by cold attacks.
Your mind is acute. (Int +4, Str/Dex -1)
Your flesh is cold resistant. (rC+)
You expend magic power (3 MP) to strengthen your wands.


Message History

There is a stone staircase leading up here.
You climb upwards.
There is a stone staircase leading down here.
There is a stone staircase leading up here.
You climb upwards.
Level annotation: 1 runed translucent door, Crazy Yiuf
There is a stone staircase leading down here.
There is a stone staircase leading down here.
You see here a +0 plate armour.
You see here a +0 hammer.
You see here a +0 hammer.
You see here a +0 hammer.
Crazy Yiuf shouts!
Crazy Yiuf grits, "Adder ragdoll water!"
You open the door.
Crazy Yiuf yells, "Blight arga sizzlefizz!"
You hit Crazy Yiuf.
Crazy Yiuf is moderately wounded.
Crazy Yiuf hits you with a +4 quarterstaff of chaos!
You are poisoned.
Crazy Yiuf barely misses you.
You hit Crazy Yiuf. You tail-slap Crazy Yiuf.
Crazy Yiuf is heavily wounded.
You feel very sick. Crazy Yiuf barely misses you.
You hit Crazy Yiuf.
Crazy Yiuf is heavily wounded.
You feel very sick.
Crazy Yiuf hits you with a +4 quarterstaff of chaos!
You hit Crazy Yiuf.
Crazy Yiuf is severely wounded.
You feel sick.
Crazy Yiuf hits you with a +4 quarterstaff of chaos!
* * * LOW HITPOINT WARNING * * *
Space bends violently around you!
You blink.
* * * LOW HITPOINT WARNING * * *
You feel sick.
Crazy Yiuf laughs, "Dawk ladder sizzlefizz!"
Crazy Yiuf hits you with a +4 quarterstaff of chaos!
You die...

#####.# ....#.#
###.#.# #.#.#
###...# ......####
##### ####...#P##
###.))#
#....PP####§g...#
#....P#)#))##@..#
##..#..#.########
### #.#######
..###.#
......############
..###.#.##.......#
#########
..#.#.#'##..<....#
#..>....####
###.....[........#
#.......#...
###..............#
#...........


You could see Crazy Yiuf.

Vanquished Creatures
  A scorpion (D:4)
  A hound (D:4)
  An iguana (D:3)
  8 adders
  2 worms
  A dart slug (D:1)
  2 endoplasms (D:1)
  2 giant cockroaches (D:4)
  3 goblins
  6 hobgoblins
  2 jackals (D:1)
  2 quokkas (D:1)
  5 ball pythons
  5 bats
  2 frilled lizards (D:1)
  12 kobolds
  6 rats
61 creatures vanquished.

Vanquished Creatures (others)
  A fungus (D:2)
1 creature vanquished.

Grand Total: 62 creatures vanquished

Notes
Turn   | Place    | Note
-------+----------+-------------------------------------------
     0 | Abyss:1  | IcyTea the Draconian Abyssal Knight began the quest for the
                  | Orb.
     0 | Abyss:1  | Reached XP level 1. HP: 19/19 MP: 2/2
     1 | D:1      | Escaped the Abyss
   138 | D:1      | Reached XP level 2. HP: 20/25 MP: 3/3
   216 | D:1      | Reached skill level 3 in Maces & Flails
   326 | D:1      | Found a faded altar of an unknown god.
   740 | D:2      | Reached XP level 3. HP: 30/31 MP: 4/4
   779 | D:2      | Reached *** piety under Lugonu
  1270 | D:2      | Reached skill level 4 in Maces & Flails
  1279 | D:2      | Found Efiuc's Book Boutique.
  1328 | D:2      | Found a runed translucent door.
  1329 | D:2      | Noticed Crazy Yiuf
  1834 | D:2      | Reached XP level 4. HP: 33/38 MP: 5/5
  2169 | D:3      | Gained mutation: You expend magic power (3 MP) to
                  | strengthen your wands. [potion of mutation]
  2169 | D:3      | Gained mutation: Your flesh is cold resistant. (rC+)
                  | [potion of mutation]
  2169 | D:3      | Gained mutation: Your mind is acute. (Int +4, Str/Dex -1)
                  | [potion of mutation]
  3050 | D:4      | Found a shimmering blue altar of Sif Muna.
  3215 | D:4      | Reached skill level 5 in Maces & Flails
  3281 | D:4      | Noticed a scorpion
  3306 | D:4      | Killed a scorpion
  3307 | D:4      | Reached XP level 5. HP: 36/45 MP: 6/6
  3891 | D:4      | Found Vif Ypla's Distillery.
  3912 | D:4      | Bought a potion of heal wounds for 65 gold pieces
  3991 | D:4      | Reached skill level 6 in Maces & Flails
  4168 | D:2      | Mangled by Crazy Yiuf

Illustrated notes

Levels and vault maps discovered:
D:1:      minmay_arrival_stair_chambers, layout_basic,
          shapermc_ecumenical_altar_venn, minivault_5
D:2:      layout_basic, serial_shops, shop_coins, nicolae_figureground_sparkle,
          uniq_crazy_yiuf_cottage
D:3:      layout_loops_cross
D:4:      layout_cave_pods, amcnicky_altar_gilded, serial_shops,
          nicolae_square_shop

Skill      XL: |  1  2  3  4  5 |
---------------+----------------+-----
Maces & Flails | 3 4 5 6 |  6.2
Fighting       | |  3.2
Dodging        | |  2.1
Invocations    | |  2.0

Action                   |  1- 3 |  4- 6 || total
-------------------------+-------+-------++-------
Melee: Mace              |   101 |    95 ||   196
       Tailslap          |    12 |    12 ||    24
 Fire: Sling             |     6 |    13 ||    19
Throw: Dart              |       |     4 ||     4
Invok: Bend Space        |       |     5 ||     5
  Use: Scroll            |     1 |     8 ||     9
       Potion            |       |     1 ||     1
 Stab: Sleeping          |     2 |     1 ||     3
Armor: Skin              |    36 |    52 ||    88
Dodge: Dodged            |    49 |    74 ||   123
